 Dungeon Crawl Stone Soup version 0.28.0-43-g3370ac3207 (webtiles) character file.

Game seed: 6477360017098113645

3738 funkygono the Arsonist (level 10, -10/51 HPs)
             Began as a Gargoyle Fire Elementalist on Mar 3, 2022.
             Was an Initiate of Vehumet.
             Mangled by an orc warrior
             ... wielding a +0 dire flail
              (12 damage)
             ... on level 7 of the Dungeon.
             The game lasted 00:11:59 (8526 turns).

funkygono the Arsonist (Gargoyle Fire Elementalist) Turns: 8526, Time: 00:12:00

Health: -10/51     AC: 12    Str: 13    XL:     10   Next: 15%
Magic:  4/22       EV: 11    Int: 19    God:    Vehumet [......]
Gold:   321        SH:  0    Dex: 10    Spells: 16/26 levels left

rFire   + + .      SeeInvis .   w - +1 whip (freeze)
rCold   x . .      Faith    .   (no shield)
rNeg    + . .      Spirit   .   x - +1 leather armour {rF+}
rPois   ∞          Reflect  .   g - +0 helmet
rElec   +          Harm     .   (no cloak)
rCorr   .          Rampage  .   (no gloves)
Will    +....                   (no boots)
Stlth   ++........              (no amulet)
HPRegen 0.17/turn               d - ring of fire
MPRegen 0.18/turn               r - ring of willpower

@: mighty, marked, invisible
A: sickness immunity, AC +7, negative energy resistance 1, electricity
resistance, torment resistance 1, petrification resistance
a: Renounce Religion


You were on level 7 of the Dungeon.
You worshipped Vehumet.
Vehumet was noncommittal.
You visited 2 branches of the dungeon, and saw 8 of its levels.
You also visited: Sewer.

You collected 321 gold pieces.

Inventory:

Hand Weapons
 k - a +1 whip
 m - a +0 mace
 w - a +1 whip of freezing (weapon)
Missiles
 c - 235 stones
Armour
 a - a +0 robe
 e - an orb of mayhem
 g - a +0 helmet (worn)
 j - a +0 leather armour
 x - a +1 leather armour of fire resistance (worn)
Jewellery
 d - a ring of fire (left hand)
 p - a ring of protection from cold
 r - a ring of willpower (right hand)
Wands
 b - a wand of paralysis (11)
 n - a wand of mindburst (10)
 z - a wand of flame (17)
Potions
 h - a potion of heal wounds
 i - 2 potions of haste
 l - a potion of flight
 o - a potion of lignification
 s - 2 potions of resistance
 t - a potion of brilliance
 u - a potion of curing


   Skills:
 + Level 0.5 Fighting
 + Level 0.4 Maces & Flails
 + Level 2.0 Armour
 + Level 2.1 Dodging
 - Level 2.1 Stealth
 * Level 8.7 Spellcasting
 * Level 7.1 Conjurations
 * Level 8.8 Fire Magic


You had 16 spell levels left.
You knew the following spells:

 Your Spells              Type           Power      Damage    Failure   Level
a - Foxfire               Conj/Fire      100%       2x1d9     1%          1
b - Scorch                Fire           100%       2d10      1%          2
c - Conjure Flame         Conj/Fire      55%        6-21      1%          3
d - Flame Wave            Conj/Fire      55%        2d11      4%          4

Your spell library contained the following spells:

 Spells                   Type           Power      Damage    Failure   Level
 Inner Flame              Hex/Fire       37%        N/A       5%          3
 Beastly Appendage        Tmut           16%        N/A       11%         1
 Wereblood                Tmut           8%         N/A       16%         2
 Spider Form              Tmut/Pois      8%         N/A       32%         3


Dungeon Overview and Level Annotations

Branches:
Dungeon (7/15)             Temple (1/1) D:6           Sewer (visited)

Altars:
Ashenzari
Cheibriados
Dithmenos
Elyvilon
Fedhas
Gozag
Hepliaklqana
Kikubaaqudgha
Makhleb
Nemelex Xobeh
Okawaru
Qazlal
Ru
Sif Muna
Trog
Uskayaw
Vehumet
Xom
Yredelemnul
Zin
The Shining One

Shops:
D:5 =

Annotations:
D:4 1 runed translucent door, RitorJet's ghost, novice MiFi
D:5 2 transporters, NiggerDarts's ghost, novice HuFi
D:7 Joseph


Innate Abilities, Weirdness & Mutations

You are immune to sickness and miasma.
Your stone body is resilient. (AC +7)
You are immune to poison.
You resist negative energy. (rN+)
You are resistant to electric shocks. (rElec)
You are resistant to unholy torment.
You are immune to petrification.


Message History

The orc warrior completely misses you.
Unknown command.
You fade into invisibility!
The orc wizard hits you with a +0 dagger.
The orc warrior hits you with a +0 dire flail!
The orc wizard misses you.
Unknown command.
Really quaff the potion of lignification?
Okay, then.
You completely miss the orc wizard.
Joseph unwields a +0 quarterstaff.
Joseph wields a +4 hunting sling of freezing.
It is covered in frost.
Joseph shoots a sling bullet.
The sling bullet hits the orc!
The sling bullet freezes the orc.
The orc dies!
The orc wizard barely misses you.
An orc comes into view. It is wielding a +0 club.
The orc warrior barely misses you.
The orc wizard hits you with a +0 dagger.
You whack the orc wizard! You freeze the orc wizard.
You kill the orc wizard!
Vehumet accepts your kill.
The orc wizard points at you and mumbles some strange words.
The puff of flame misses you.
The puff of flame misses the orc warrior.
The puff of flame hits the scorpion.
Joseph shoots a sling bullet.
The sling bullet barely misses you. The orc warrior barely misses you.
Casting: Foxfire (safe; 1% risk of failure)
Confirm with . or Enter, or press ? or * to list all spells.
You don't have enough magic to cast this spell.
Unknown command.
You hit the orc warrior. You freeze the orc warrior.
The orc warrior is moderately wounded.
The orc wizard casts a spell at you.
The magic dart hits you but does no damage.
Joseph shoots a sling bullet.
The sling bullet hits you!
* * * LOW HITPOINT WARNING * * *
The sling bullet freezes you.
* * * LOW HITPOINT WARNING * * *
The orc warrior hits you with a +0 dire flail!
You die...

###
#o########
#@§).@ooo.
#o########
#s# #§.
#.. #o.#
#s.. #.##


You could see Joseph, an orc warrior, a scorpion, 2 orc wizards and 2 orcs.

Vanquished Creatures
  Harold (D:7)
  Pikel (D:5)
  A kobold demonologist (D:6)
  A hornet (D:7)
  Duvessa (D:5)
  3 water moccasins
  3 ogres
  A necrophage (D:4)
  A centaur (D:6)
  2 phantoms (D:5)
  A kobold brigand (D:6)
  Blork the orc (D:5)
  A bullfrog (D:4)
  A scorpion (D:5)
  A water moccasin skeleton (D:6)
  A wyvern skeleton (D:4)
  A water moccasin zombie (D:5)
  Dowan (D:5)
  A bullfrog zombie (D:7)
  9 jellies
  A hound (D:5)
  A bullfrog skeleton (D:6)
  2 orc wizards (D:7)
  An iguana (D:4)
  A hound skeleton (D:5)
  11 adders
  4 river rats
  A shadow imp (D:6)
  A white imp (D:4)
  2 ufetubi
  A worm (D:2)
  2 dart slugs
  9 orcs
  9 endoplasms
  5 giant cockroaches
  8 goblins
  12 hobgoblins
  3 jackals (D:3)
  10 kobolds
  6 quokkas
  15 ball pythons
  8 bats
  4 frilled lizards
  7 rats
157 creatures vanquished.

Vanquished Creatures (others)
  An orc (D:7)
  473 foxfires
474 creatures vanquished.

Grand Total: 631 creatures vanquished

Notes
Turn   | Place    | Note
-------+----------+-------------------------------------------
     0 | D:1      | funkygono the Gargoyle Fire Elementalist began the quest
                  | for the Orb.
     0 | D:1      | Reached XP level 1. HP: 10/10 MP: 3/3
   160 | D:1      | Reached XP level 2. HP: 15/15 MP: 0/5
   179 | D:1      | Learned a level 2 spell: Scorch
   901 | D:1      | Reached XP level 3. HP: 19/19 MP: 3/6
   905 | D:1      | Learned a level 3 spell: Conjure Flame
  1683 | D:2      | Reached XP level 4. HP: 24/24 MP: 6/8
  2671 | D:3      | Noticed an ogre
  2678 | D:3      | Killed an ogre
  2679 | D:3      | Reached XP level 5. HP: 28/28 MP: 1/10
  2688 | D:3      | Learned a level 4 spell: Flame Wave
  3188 | D:3      | Reached XP level 6. HP: 32/32 MP: 8/11
  3842 | D:4      | Noticed a necrophage
  3848 | D:4      | Killed a necrophage
  4246 | D:4      | Reached skill level 5 in Fire Magic
  4255 | D:4      | Reached XP level 7. HP: 37/37 MP: 4/13
  4525 | D:4      | Found a runed translucent door.
  4852 | D:4      | Noticed RitorJet's ghost (novice MiFi)
  4887 | D:5      | Entered Level 5 of the Dungeon
  4913 | D:5      | Found a transporter.
  5130 | D:5      | Found a glowing drain.
  5138 | Sewer    | Entered a sewer
  5294 | Sewer    | Reached skill level 5 in Spellcasting
  5613 | Sewer    | Found a viscous altar of Jiyva.
  5665 | Sewer    | Reached XP level 8. HP: 42/42 MP: 11/16
  5834 | D:5      | Found a transporter.
  5847 | D:5      | Noticed NiggerDarts's ghost (novice HuFi)
  5925 | D:5      | Found Upuoxtyl's Jewellery Emporium.
  6067 | D:5      | Noticed Pikel
  6082 | D:5      | Killed Pikel
  6083 | D:5      | Reached skill level 5 in Conjurations
  6170 | D:5      | Noticed Blork the orc
  6565 | D:5      | Reached XP level 9. HP: 46/46 MP: 12/19
  6714 | D:5      | Killed Blork the orc
  6881 | D:5      | Noticed Duvessa
  6881 | D:5      | Noticed Dowan
  6893 | D:5      | Killed Duvessa
  6902 | D:5      | Killed Dowan
  7434 | D:6      | Found a staircase to the Ecumenical Temple.
  7442 | D:6      | Noticed a kobold demonologist
  7444 | D:6      | Noticed a rust devil
  7452 | D:6      | Killed a kobold demonologist
  7545 | Temple   | Entered the Ecumenical Temple
  7638 | Temple   | Became a worshipper of Vehumet
  8471 | D:7      | Noticed Harold
  8481 | D:7      | HP: 1/46 [shadow imp/nerve-wracking pain (5)]
  8487 | D:7      | Killed Harold
  8487 | D:7      | Noticed a hornet
  8488 | D:7      | Reached skill level 1 in Armour
  8488 | D:7      | Reached XP level 10. HP: 24/51 MP: 3/22
  8522 | D:7      | Noticed Joseph
  8526 | D:7      | HP: 2/51 [Joseph/sling bullet (3)]
  8526 | D:7      | Mangled by an orc warrior

Illustrated notes

Levels and vault maps discovered:
D:1:      beargit_arrival_greenhouse, layout_basic
D:2:      layout_basic, kennysheep_nub, hangedman_decor_riveting
D:3:      layout_loops_ring, chequers_serial_rivers_large_a, minmay_starry_boxes
D:4:      layout_loops_corners, ebering_ghost_reflecting_pool
D:5:      layout_basic, gammafunk_ghost_abyssal_escape, serial_shops, shop,
          gup_sewer_entry_bubbles, moated_statue, uniq_blork_the_orc,
          uniq_pikel, uniq_duvessa
D:6:      layout_gridville, minmay_temple_entry_large_hall,
          minmay_unpleasant_kobolds
D:7:      layout_basic, uniq_joseph, uniq_harold
Temple:   mainiacjoe_temple_trianglar_array

Skill      XL: |  1  2  3  4  5  6  7  8  9 10 |
---------------+-------------------------------+-----
Spellcasting   | 3 4 5 6 8 |  8.7
Conjurations   | 2 3 4 5 7 |  7.1
Fire Magic     | 4 5 6 7 8 |  8.8
Dodging        | 2 |  2.1
Armour         | 1 2 |  2.0
Fighting       | |  0.5
Maces & Flails | |  0.4
Stealth        | |  2.1

Action                   |  1- 3 |  4- 6 |  7- 9 | 10-12 || total
-------------------------+-------+-------+-------+-------++-------
Melee: Unarmed           |     6 |       |       |       ||     6
       Club              |     8 |       |       |       ||     8
       Whip              |     3 |    44 |     2 |    11 ||    60
       Punch             |       |     1 |       |       ||     1
 Cast: Foxfire           |    51 |    65 |   159 |     3 ||   278
       Scorch            |     9 |    15 |    30 |     2 ||    56
       Conjure Flame     |       |       |     4 |       ||     4
       Flame Wave        |       |       |     5 |       ||     5
  Use: Scroll            |     3 |     6 |     8 |     2 ||    19
       Potion            |       |       |     3 |     3 ||     6
Armor: Robe              |     6 |    33 |     3 |       ||    42
       Leather armour    |       |       |     8 |     8 ||    16
Dodge: Dodged            |    13 |    66 |    21 |    16 ||   116
